 Dungeon Crawl Stone Soup version 0.22.1-1-ga44c0e56f4 (webtiles) character file.

7174710 coldbreeze the Conqueror (level 27, 323/323 HPs)
             Began as an Ogre Gladiator on Nov 3, 2018.
             Was the Champion of Okawaru.
             Escaped with the Orb
             ... and 10 runes on Nov 4, 2018!
             The game lasted 05:17:25 (105943 turns).

coldbreeze the Conqueror (Ogre Gladiator)         Turns: 105943, Time: 05:17:26

Health: 323/323    AC: 30    Str: 32    XL:     27
Magic:  40/40      EV: 20    Int: 16    God:    Okawaru [******]
Gold:   4334       SH: 22    Dex: 17    Spells: 10/62 levels left

rFire    + + +     SeeInvis .   a - +9 demon trident (elec)
rCold    + + .     Gourm    .   U - +0 large shield of the Monk {rF+ rC+ rN+ Slay+3}
rNeg     + + +     Faith    .   G - +8 fire dragon scales
rPois    .         Spirit   .   x - +3 hat "Kuxeciucs" {rF+ Str+3 Int+2}
rElec    +         Reflect  .   H - +3 cloak of the Yeti {+Fly rN+}
rCorr    .         Harm     .   (gloves unavailable)
MR       ++...                  (boots unavailable)
Stlth    ..........             Y - amulet "Vaixt" {RegenMP rC++}
HPRegen  0.63/turn              q - ring "Ezxuin" {rElec rF- rN+ Slay+5}
MPRegen  0.52/turn              X - ring of the Present {+Blink rN+ Str+3 Int+3 Slay+3}

@: no status effects
A: large, unfitting armour, talons 1, blink, low mp 1, sense surroundings 1,
tough skin 1, no potion heal 2
0: Orb of Zot
}: 10/15 runes: decaying, slimy, silver, abyssal, demonic, glowing, magical,
fiery, dark, gossamer
a: Blink, Heroism, Finesse, Renounce Religion, Evoke Blink, Evoke Flight


You escaped.
You worshipped Okawaru.
Okawaru was exalted by your worship.
You were not hungry.

You visited 15 branches of the dungeon, and saw 63 of its levels.
You visited Pandemonium 1 time, and saw 12 of its levels.
You visited the Abyss 1 time.
You visited 1 bazaar.
You also visited: Ossuary and Ice Cave.

You collected 11928 gold pieces.
You spent 7594 gold pieces at shops.

Inventory:

Hand Weapons
 a - a +9 demon trident of electrocution (weapon)
 b - a +4 blowgun
Missiles
 d - 11 throwing nets
 h - 150 large rocks (quivered)
 o - 48 needles of confusion
 v - 16 needles of paralysis
Armour
 x - the +3 hat "Kuxeciucs" (worn) {rF+ Str+3 Int+2}
   (Okawaru gifted it to you on level 2 of the Orcish Mines)

   It affects your strength (+3).
   It affects your intelligence (+2).
   It protects you from fire.
 G - +8 fire dragon scales (worn)
 H - the +3 cloak of the Yeti (worn) {+Fly rN+}
   (Okawaru gifted it to you on level 4 of the Spider Nest)

   It protects you from negative energy.
   It lets you fly.
 U - the +0 large shield of the Monk (worn) {rF+ rC+ rN+ Slay+3}
   (Okawaru gifted it to you on level 15 of the Dungeon)

   It affects your accuracy and damage with ranged weapons and melee attacks
   (+3).
   It protects you from fire.
   It protects you from cold.
   It protects you from negative energy.
Jewellery
 m - the ring of Resumed Hostilities {+Fly Int+2 Slay+2}
   (You took it off a balrug in Pandemonium)

   [ring of flight]

   It affects your intelligence (+2).
   It affects your accuracy and damage with ranged weapons and melee attacks
   (+2).
   It lets you fly.
 q - the ring "Ezxuin" (left hand) {rElec rF- rN+ Slay+5}
   (You found it on level 5 of the Pits of Slime)

   [ring of positive energy]

   It affects your accuracy and damage with ranged weapons and melee attacks
   (+5).
   It makes you vulnerable to fire.
   It insulates you from electricity.
   It protects you from negative energy.
 w - an uncursed amulet of guardian spirit
 B - an uncursed ring of protection from cold
 E - an uncursed ring of resist corrosion
 X - the ring of the Present (right hand) {+Blink rN+ Str+3 Int+3 Slay+3}
   (You found it on level 3 of the Crypt)

   [ring of positive energy]

   It affects your strength (+3).
   It affects your intelligence (+3).
   It affects your accuracy and damage with ranged weapons and melee attacks
   (+3).
   It protects you from negative energy.
   It lets you blink.
 Y - the amulet "Vaixt" (around neck) {RegenMP rC++}
   (You found it on level 3 of the Crypt)

   [amulet of magic regeneration]

   It increases your magic regeneration.
   It greatly protects you from cold.
Wands
 c - a wand of clouds (4)
 r - a wand of iceblast (32)
 D - a wand of digging (52)
 L - a wand of acid (7)
Scrolls
 e - 7 scrolls of blinking
 i - 4 scrolls of holy word
 j - 15 scrolls of teleportation
 k - 46 scrolls of remove curse
 l - 2 scrolls of enchant armour
 u - 7 scrolls of fear
 C - 9 scrolls of immolation
 M - 9 scrolls of amnesia
 P - 48 scrolls of identify
 Q - 4 scrolls of silence
 T - 7 scrolls of fog
 Z - 2 scrolls of magic mapping
Potions
 g - 7 potions of mutation
 n - 7 potions of flight
 p - 6 potions of haste
 y - 7 potions of resistance
 z - a potion of invisibility
 F - a potion of ambrosia
 J - 2 potions of cancellation
 K - 10 potions of brilliance
 N - 18 potions of curing
 O - 2 potions of heal wounds
 R - 5 potions of agility
 S - 2 potions of magic
 V - a potion of might
Miscellaneous
 s - 3 phantom mirrors
 t - a lightning rod (4/4)
 A - 4 sacks of spiders
 I - a lamp of fire
 W - a phial of floods
Comestibles
 f - 68 rations


   Skills:
 O Level 27 Fighting
 - Level 20.0 Polearms
 - Level 26.1 Throwing
 - Level 14.7 Armour
 - Level 18.1 Dodging
 - Level 15.0 Shields
 - Level 18.0 Spellcasting
 + Level 8.0 Hexes
 - Level 6.0 Charms
 - Level 14.0 Summonings
 - Level 6.0 Necromancy
 - Level 14.5 Translocations
 + Level 3.8 Air Magic
 - Level 12.0 Invocations
 - Level 6.1 Evocations


You had 10 spell levels left.
You knew the following spells:

 Your Spells              Type           Power        Failure   Level  Hunger
a - Apportation           Tloc           ######       1%          1    None
b - Blink                 Tloc           N/A          1%          2    None
c - Regeneration          Chrm/Necr      ####......   1%          3    None
d - Portal Projectile     Hex/Tloc       ######       1%          3    None
e - Summon Forest         Summ/Tloc      ######....   1%          5    ###....
f - Summon Mana Viper     Hex/Summ       #####...     2%          5    ###....
g - Aura of Abjuration    Summ           ######....   1%          5    ###....
h - Passage of Golubria   Tloc           N/A          1%          4    None
i - Summon Butterflies    Summ           ######..     1%          1    None
j - Shadow Creatures      Summ           N/A          3%          6    #####..
k - Dispersal             Tloc           ######....   2%          6    #####..
l - Silence               Hex/Air        ####......   17%         5    ###....
q - Spectral Weapon       Hex/Chrm       #####...     1%          3    None
x - Lesser Beckoning      Tloc           ######....   1%          3    None

Your spell library contained the following spells:

 Spells                   Type           Power        Failure   Level  Hunger
 Animate Skeleton         Necr           N/A          1%          1    None
 Confusing Touch          Hex            #####.       1%          1    None
 Infusion                 Chrm           ####         1%          1    None
 Pain                     Necr           ####         1%          1    None
 Summon Small Mammal      Summ           ####         1%          1    None
 Call Imp                 Summ           ######..     1%          2    None
 Corpse Rot               Necr           N/A          1%          2    None
 Shroud of Golubria       Chrm/Tloc      #####.....   1%          2    None
 Slow                     Hex            #####...     1%          2    None
 Song of Slaying          Chrm           ####....     1%          2    None
 Sublimation of Blood     Necr           ####......   1%          2    None
 Swiftness                Chrm/Air       ####....     1%          2    None
 Call Canine Familiar     Summ           ######..     1%          3    None
 Confuse                  Hex            #####...     1%          3    None
 Gell's Gravitas          Tloc           ######....   1%          3    None
 Recall                   Summ/Tloc      N/A          1%          3    None
 Summon Guardian Golem    Hex/Summ       #####...     1%          3    None
 Teleport Other           Tloc           ######..     1%          3    None
 Tukima's Dance           Hex            #####...     1%          3    None
 Vampiric Draining        Necr           ####......   1%          3    None
 Summon Lightning Spire   Summ/Air       #####...     1%          4    None
 Summon Demon             Summ           ######....   1%          5    ###....
 Cause Fear               Hex            #####.....   2%          4    None
 Shock                    Conj/Air       ###.         3%          1    None
 Force Lance              Conj/Tloc      #####...     3%          4    None
 Poisonous Vapours        Pois/Air       ###...       4%          2    None
 Dazzling Spray           Conj/Hex       ####..       4%          3    None
 Summon Ice Beast         Ice/Summ       #####...     4%          4    None
 Ozocubu's Armour         Chrm/Ice       ###.....     6%          3    None
 Animate Dead             Necr           N/A          6%          4    None
 Beastly Appendage        Tmut           ##....       7%          1    None
 Freeze                   Ice            ##..         7%          1    None
 Magic Dart               Conj           ##..         7%          1    None
 Sandblast                Erth           ##....       7%          1    None
 Sting                    Conj/Pois      ##..         7%          1    None
 Static Discharge         Conj/Air       ###.....     10%         3    None
 Passwall                 Tmut/Erth      ##......     11%         2    None
 Searing Ray              Conj           ##....       11%         2    None
 Sticks to Snakes         Tmut           ##......     11%         2    None
 Throw Frost              Conj/Ice       ##....       11%         2    None
 Mephitic Cloud           Conj/Pois/Air  ###.....     13%         3    None
 Fulminant Prism          Conj/Hex       ####......   14%         4    None
 Leda's Liquefaction      Hex/Erth       ####......   14%         4    None
 Airstrike                Air            ####......   16%         4    None
 Agony                    Necr           ####....     17%         5    ###....
 Summon Hydra             Summ           ######....   19%         7    ######.
 Conjure Flame            Conj/Fire      ##......     22%         3    None
 Ignite Poison            Fire/Tmut/Pois ##......     22%         3    None
 Spider Form              Tmut/Pois      ##........   22%         3    None
 Stone Arrow              Conj/Erth      ##....       22%         3    None
 Metabolic Englaciation   Hex/Ice        ####......   36%         5    ###....
 Yara's Violent Unravell  Hex/Tmut       ####......   36%         5    ###....
 Darkness                 Hex            #####.....   38%         6    #####..
 Invisibility             Hex            #####...     38%         6    #####..
 Bolt of Draining         Conj/Necr      ###.......   50%         5    ###....
 Borgnjor's Vile Clutch   Necr/Erth      ###.......   50%         5    ###....
 Iskenderun's Battlesphe  Conj/Chrm      ###.....     50%         5    ###....
 Ice Form                 Ice/Tmut       ##......     56%         4    None
 Iskenderun's Mystic Bla  Conj           ##......     56%         4    None
 Olgreb's Toxic Radiance  Pois           ##......     56%         4    None
 Petrify                  Tmut/Erth      ##......     56%         4    None
 Throw Icicle             Conj/Ice       ##......     56%         4    None
 Lightning Bolt           Conj/Air       ###.......   67%         5    ###....
 Death Channel            Necr           ####......   67%         6    #####..
 Haunt                    Necr/Summ      #####.....   69%         7    ######.
 Controlled Blink         Tloc           N/A          77%         8    #######
 Disjunction              Tloc           ######....   77%         8    #######
 Deflect Missiles         Chrm/Air       ####......   83%         6    #####..
 Alistair's Intoxication  Tmut/Pois      ##......     89%         5    ###....
 Blade Hands              Tmut           ##........   89%         5    ###....
 Bolt of Magma            Conj/Fire/Erth ##........   89%         5    ###....
 Fireball                 Conj/Fire      ##........   89%         5    ###....
 Irradiate                Conj/Tmut      ##........   89%         5    ###....
 Lee's Rapid Deconstruct  Erth           ##........   89%         5    ###....
 Venom Bolt               Conj/Pois      ##........   89%         5    ###....
 Simulacrum               Ice/Necr       ###.......   97%         6    #####..
 Bolt of Cold             Conj/Ice       ##........   100%        6    #####..
 Bolt of Fire             Conj/Fire      ##........   100%        6    #####..
 Freezing Cloud           Conj/Ice/Air   ###.......   100%        6    #####..
 Hydra Form               Tmut           ##........   100%        6    #####..
 Iron Shot                Conj/Erth      ##........   100%        6    #####..
 Ozocubu's Refrigeration  Ice            ##........   100%        6    #####..
 Poison Arrow             Conj/Pois      ##........   100%        6    #####..
 Statue Form              Tmut/Erth      ##.......    100%        6    #####..
 Dragon Form              Tmut           ##........   100%        7    ######.
 Ring of Flames           Chrm/Fire      ###.......   100%        7    ######.
 Borgnjor's Revivificati  Necr           ####......   100%        8    #######
 Chain Lightning          Conj/Air       ###.......   100%        8    #######
 Death's Door             Chrm/Necr      ####......   100%        8    #######
 Discord                  Hex            #####.....   100%        8    #######
 Ignition                 Fire           ##........   100%        8    #######
 Infestation              Necr           ####......   100%        8    #######
 Lehudib's Crystal Spear  Conj/Erth      ##........   100%        8    #######
 Necromutation            Tmut/Necr      ###.......   100%        8    #######
 Fire Storm               Conj/Fire      ##........   100%        9    #######
 Glaciate                 Conj/Ice       ##........   100%        9    #######
 Shatter                  Erth           ##........   100%        9    #######


Dungeon Overview and Level Annotations

Branches:
Dungeon (15/15)            Temple (1/1) D:7            Lair (6/6) D:11
  Swamp (4/4) Lair:3       Spider (4/4) Lair:3        Slime (5/5) Lair:6
    Orc (2/2) D:9             Elf (3/3) Orc:2        Vaults (5/5) D:14
  Crypt (3/3) Vaults:3       Tomb (1/3) Crypt:3      Depths (5/5) D:15
   Hell (1/1)                 Dis (0/7) Hell            Geh (3/7) Hell
    Coc (0/7) Hell            Tar (0/7) Hell            Zot (5/5) Depths:5

Altars:
Ashenzari
Cheibriados
Dithmenos
Elyvilon
Fedhas
Gozag
Hepliaklqana
Kikubaaqudgha
Makhleb
Nemelex Xobeh
Okawaru
Qazlal
Ru
Sif Muna
Trog
Uskayaw
Vehumet
Wu Jian
Xom
Yredelemnul
Zin
The Shining One
Jiyva

Shops:
D:5 *   Orc:1 !   Orc:2 *[[[   Elf:2 ::!*%   Elf:3 *(:[?   Vaults:5 !?%
Depths:2 %**?%[   Depths:3 **?(

Portals:
Hell: Depths:1 Depths:2 Depths:3 Depths:4 Depths:5
Abyss: Depths:2 Depths:4
Pandemonium: Depths:3 Depths:5
Ziggurat: Depths:2
Trove: D:12 (give +4 ice dragon scales)

Annotations:
D:3 exclusion: downstairs
D:5 exclusion: downstairs
D:10 1 exclusion, Nergalle
Lair:1 exclusion: 4 oklob plants
Lair:2 exclusion: oklob plant
Spider:2 exclusion: downstairs
Zot:2 exclusion: downstairs


Innate Abilities, Weirdness & Mutations

You are too large for most types of armour.
You have tough skin. (AC +1)
You have sharp toenails.
You can translocate small distances at will.
Your magical capacity is low. (-10% MP)
You passively map a small area around you.
Potions are poor at restoring your health.


Message History

This square is covered in magical glow.
The rock shatters into small pieces.
A chaos spawn comes into view.
Evoke which item? (* to show all) (? for menu, Esc to quit)
Aiming: Dig
Press: ? - help, Shift-Dir - straight line A rock wall.
This square is covered in magical glow.
The rock shatters into small pieces.
Evoke which item? (* to show all) (? for menu, Esc to quit)
Aiming: Dig
Press: ? - help, Shift-Dir - straight line A rock wall.
This square is covered in magical glow.
The rock shatters into small pieces.
There is an open door here.
There is a staircase leading out of the dungeon here.
You can't go down here!
Unknown command.
You have escaped!

###..............#
#...........
#..............#
#.##.#.#####
###..............#
#)...#.#
..........########
######.#####
###.#######
##...... ....#
####### #.......
###### #.....#
##.#####. .....#
#.....# ##4.#####.
.....# #.@...#
##.#....... .....#
#.....###.##..#####
..)..#
#.....##...))......
.....#
#####'#..####.#####
.....###
######..#.# #.#####
.....'.#
#...#.....# #......
.....#.#
#...#.....# #######
.....#.#
#.8.#.....#
######.#
#...'....##


There were no monsters in sight!

Vanquished Creatures
  Cerebov (Pan)
  Gloorx Vloq (Pan)
  the Royal Jelly (Slime:5)
  Dissolution (Slime:4)
  Lom Lobon (Pan)
  Mnoleg (Pan)
  7 orbs of fire
  7 ancient liches
  A juggernaut (Depths:2)
  2 pandemonium lords (Pan)
  Sojobo (Depths:3)
  Boris (Vaults:2)
  Saint Roka (Crypt:1)
  Frederick (Vaults:5)
  3 Killer Klowns (Zot:5)
  8 caustic shrikes
  7 golden dragons
  Geryon (Hell)
  Jory (Vaults:4)
  Arachne (Spider:4)
  2 Tzitzimimeh (Pan)
  A shard shrike zombie (Crypt:2)
  7 electric golems
  3 Brimstone Fiends
  26 tentacled monstrosities
  27 Orb Guardians
  2 Hell Sentinels
  11 liches
  Asterion (Spider:3)
  A shard shrike skeleton (Crypt:2)
  2 deep elf master archers (Elf:3)
  7 titans
  An Ice Fiend (IceCv)
  5 ancient champions
  7 quicksilver dragons
  2 deep elf blademasters (Elf:3)
  6 death cobs
  19 Executioners (Pan)
  5 sphinxes
  18 acid blobs
  Gastronok (D:8)
  2 thorn hunters
  14 shadow dragons
  7 tengu reavers
  A daeva (Abyss:3)
  14 tentacled starspawn
  3 draconian monks
  15 storm dragons
  20 fire giants
  Kirke (Swamp:1)
  A storm dragon (shapeshifter) (Vaults:3)
  Roxanne (Spider:1)
  10 azure jellies
  12 vault wardens
  24 frost giants
  4 draconian knights
  8 ghost moths
  6 emperor scorpions
  6 iron dragons
  6 draconian scorchers
  Louise (Spider:2)
  4 curse skulls
  4 deep elf sorcerers
  2 angels
  5 warmongers (Pan)
  22 balrugs
  7 draconian annihilators
  19 cacodemons
  16 ironheart preservers
  27 stone giants
  The ghost of GeorgeFormbyGrill the Bludgeoner, a journeyman GrBe of Trog (Orc:2)
  8 ghouls
  8 deep elf elementalists (Elf:3)
  16 reapers
  A draconian shifter (Zot:1)
  A draconian stormcaller (Zot:3)
  6 war gargoyles
  4 entropy weavers
  31 very ugly things
  12 green draconians
  4 blood saints (Pan)
  A corrupter (Pan)
  15 yellow draconians
  7 starcursed masses
  5 deep elf demonologists (Elf:3)
  9 lorocyprocas
  8 black draconians
  3 black suns (Pan)
  2 dire elephants
  10 vampire knights
  11 red draconians
  7 purple draconians
  13 deep elf annihilators
  10 spark wasps
  7 white draconians
  24 ettins
  11 deep elf death magi
  6 blizzard demons
  A merfolk impaler (Depths:3)
  3 eidola
  Snorg (Lair:4)
  A mummy priest (Crypt:3)
  16 yaktaur captains
  4 deep elf high priests
  9 fire dragons
  6 great orbs of eyes
  9 green deaths (Pan)
  4 death oozes
  15 ice dragons
  6 jiangshi
  19 hydras
  Fannar (D:11)
  6 rakshasas
  A quicksilver dragon skeleton (Crypt:3)
  29 vault guards
  10 centaur warriors
  A catoblepas (shapeshifter) (Vaults:4)
  4 hell beasts
  5 alligators
  6 catoblepae
  3 monstrous demonspawn (Pan)
  Erica (Lair:2)
  6 death knights
  2 spriggan air magi
  2 ghost crabs
  13 ogre magi
  13 deep troll shamans
  A queen ant (Spider:2)
  8 death yaks
  37 two-headed ogres
  28 dancing weapons
  4 spriggan berserkers
  4 tengu warriors
  7 vampire magi
  14 deep troll earth magi
  10 thrashing horrors
  5 orc high priests
  41 sun demons
  3 shock serpents (Pan)
  27 soul eaters
  19 deep elf knights
  4 titan skeletons
  6 hell hogs
  2 iron golems (Depths:5)
  16 hell knights
  25 sixfirhies
  10 wretched stars
  22 skeletal warriors
  2 spriggan druids (Swamp:3)
  2 golden dragon zombies (Crypt:3)
  8 iron trolls
  A death drake (Abyss:3)
  11 flayed ghosts
  A spatial maelstrom (Abyss:2)
  5 storm dragon skeletons
  12 shadow wraiths
  2 anaconda zombies
  5 infernal demonspawn (Pan)
  7 swamp dragons
  8 unseen horrors
  32 deep trolls
  An unseen horror (shapeshifter) (Elf:3)
  5 shadow demons (Pan)
  5 gelid demonspawn
  9 glowing orange brains
  A shadow dragon zombie (Crypt:3)
  9 wizards
  19 necromancers
  15 ironbrand convokers
  9 deep elf archers
  4 harpies (Vaults:4)
  3 shambling mangroves (Swamp:3)
  2 anaconda skeletons (Crypt:3)
  24 phantasmal warriors
  A lindwurm (Lair:6)
  3 torturous demonspawn (Pan)
  18 orc knights
  51 deep elf magi
  7 orc sorcerers
  2 wolf spider zombies (Crypt:2)
  8 orb spiders
  7 manticores
  A frost giant zombie (Vaults:4)
  2 salamanders
  22 wolf spiders
  8 cyclopes
  2 iron dragon skeletons
  A shadow dragon skeleton (Geh:3)
  30 moths of wrath
  2 worldbinders (Abyss:3)
  2 stone giant zombies (Crypt:3)
  4 shining eyes
  23 ugly things
  An elephant (shapeshifter) (Vaults:4)
  2 dire elephant zombies
  26 elephants
  2 shock serpent zombies
  3 torpor snails
  A fire giant skeleton (Crypt:3)
  3 guardian serpents
  3 stone giant skeletons
  A black mamba (shapeshifter) (Abyss:3)
  10 rust devils
  5 ice statues
  A molten gargoyle (Hell)
  18 smoke demons
  4 apocalypse crabs
  12 vault sentinels
  2 gargoyles
  22 orange demons
  10 black mambas
  20 spiny frogs
  A dire elephant skeleton (Pan)
  A shock serpent skeleton (Geh:1)
  A catoblepas zombie (Crypt:3)
  4 rime drakes
  41 yaktaurs
  12 efreet
  A hellion (Hell)
  A yaktaur zombie (Vaults:4)
  12 freezing wraiths
  23 hellwings
  2 tengu conjurers
  10 komodo dragons
  14 demonic crawlers
  4 tormentors
  A purple draconian skeleton (Crypt:1)
  2 emperor scorpion zombies
  2 guardian mummies (Crypt:3)
  23 ice devils
  A grey draconian skeleton (Crypt:2)
  9 ancient zymes
  31 jumping spiders
  A red draconian skeleton (Geh:1)
  2 queen bees (shapeshifter)
  6 hydra zombies
  3 meliai (shapeshifter)
  A silent spectre (Abyss:3)
  10 tyrant leeches
  A harpy skeleton (Crypt:1)
  A harpy zombie (Crypt:3)
  Prince Ribbit (D:9)
  28 red devils
  7 trolls
  3 polar bears
  33 hornets
  Grinder (D:5)
  3 hornets (shapeshifter)
  37 large abominations
  A polar bear (shapeshifter) (D:13)
  11 hippogriffs
  24 blink frogs
  130 slime creatures
  12 bog bodies
  An alligator zombie (Crypt:3)
  2 dream sheep (Lair:6)
  A dream sheep (shapeshifter) (Vaults:5)
  2 human simulacra
  2 ettin zombies
  14 raiju
  4 hydra skeletons
  6 shadows
  6 flying skulls
  12 spriggans
  20 tarantellas
  An ettin skeleton (Vaults:4)
  3 vampires
  73 redbacks
  3 ice dragon skeletons
  18 wyverns
  2 alligator skeletons (Hell)
  11 water elementals
  An air elemental (Elf:2)
  A dire elephant simulacrum (IceCv)
  54 yaks
  15 ynoxinuls
  13 wraiths
  A tyrant leech zombie (Crypt:1)
  2 fire dragon skeletons
  12 fire elementals
  7 golden eyes
  6 hogs (Swamp:1)
  A steam dragon (D:7)
  15 chaos spawn
  3 hungry ghosts
  A basilisk (shapeshifter) (Vaults:1)
  4 fire bats (Abyss:3)
  2 basilisks
  A black mamba skeleton (Abyss:1)
  26 neqoxecs
  30 vampire mosquitoes
  3 spatial vortices (Abyss:2)
  6 wargs
  A wind drake skeleton (Crypt:1)
  5 harpy simulacra (IceCv)
  2 iron troll simulacra (IceCv)
  A monstrous demonspawn zombie (Crypt:1)
  A warg (shapeshifter) (Abyss:1)
  6 insubstantial wisps
  19 soldier ants
  A spiny frog zombie (Hell)
  2 hydra simulacra (IceCv)
  3 acid dragons
  13 hell hounds
  A soldier ant (shapeshifter) (Depths:1)
  19 swamp worms
  27 water moccasins
  An infernal demonspawn zombie (Crypt:2)
  A water moccasin (shapeshifter) (Vaults:3)
  A floating eye (Abyss:3)
  50 orc warriors
  A monstrous demonspawn skeleton (Crypt:1)
  3 spiny frog skeletons
  A merfolk skeleton (Pan)
  8 porcupines
  18 swamp drakes
  An ice beast (shapeshifter) (Depths:4)
  3 necrophages
  3 manticore zombies
  4 phantoms
  4 sky beasts
  5 eyes of draining
  43 ogres
  4 ice beasts
  26 centaurs
  A boggart (shapeshifter) (Vaults:5)
  2 swamp dragon skeletons
  8 wolves
  A rime drake zombie (Crypt:2)
  A snapping turtle skeleton (Pan)
  13 crocodiles
  An elf simulacrum (Vaults:4)
  A hog skeleton (Crypt:2)
  4 big kobolds
  An elf skeleton (Pan)
  An elf zombie (Geh:3)
  A glowing shapeshifter simulacrum (Vaults:4)
  18 bullfrogs
  2 earth elementals
  5 wyvern skeletons (Crypt:3)
  29 small abominations
  15 scorpions
  A shapeshifter zombie (Crypt:1)
  10 killer bees
  19 wights
  12 electric eels
  34 crimson imps
  3 howler monkeys
  A bullfrog zombie (D:12)
  4 centaur zombies
  4 quasits
  3 human zombies
  8 iron imps (Abyss:3)
  12 hounds
  8 jellies
  5 centaur skeletons
  26 orc priests
  A basilisk zombie (Crypt:1)
  2 bullfrog skeletons
  3 iguanas
  10 hell rats
  A human skeleton (Crypt:2)
  27 orc wizards
  30 worker ants
  A big kobold zombie (Ossuary)
  A naga zombie (Crypt:3)
  4 mummies
  A deep dwarf skeleton (Crypt:2)
  A hound skeleton (D:7)
  12 gnolls
  3 scorpion zombies (Ossuary)
  A steam dragon zombie (Crypt:1)
  13 adders
  10 shadow imps
  8 white imps
  7 ufetubi
  6 oozes
  A worm (D:2)
  4 leopard geckos
  89 orcs
  3 spectral bats (Abyss:3)
  8 giant cockroaches
  5 gnoll zombies (Ossuary)
  8 goblins
  6 hobgoblins
  6 jackals
  22 kobolds
  4 quokkas
  A ball python zombie (Crypt:2)
  7 bats
  3 bat simulacra (Abyss:3)
  6 frilled lizards
  2 goblin zombies (Ossuary)
  A hobgoblin zombie (Ossuary)
  A kobold skeleton (Pan)
  3 kobold zombies (Ossuary)
  An orc zombie (Ossuary)
  A quokka zombie (D:5)
  9 rats
  2 crawling corpses (Elf:3)
  A fire vortex (Depths:1)
  5 lurking horrors (Abyss:3)
  12 starspawn tentacles
  3 withered plants (Crypt:3)
3522 creatures vanquished.

Vanquished Creatures (collateral kills)
  A death ooze (Slime:5)
  A vault guard (Vaults:4)
  An efreet (Pan)
  A ynoxinul (Abyss:1)
4 creatures vanquished.

Vanquished Creatures (others)
  An eldritch tentacle (Pan)
  A hell hog (Depths:5)
  A necromancer (Geh:3)
  A deep elf mage (Elf:2)
  A moth of wrath (Zot:1)
  A black mamba (Lair:6)
  2 ynoxinuls (Pan)
  A chaos spawn (Zot:1)
  A swamp worm (Swamp:2)
  A large abomination (Abyss:3)
  A small abomination (Abyss:3)
  A hell rat (Depths:5)
  An orc (Orc:2)
  A spectral bat (Abyss:3)
  A crawling corpse (Elf:3)
  A demonic plant (Abyss:1)
  15 fungi
  2 lurking horrors
  20 plants
  58 spectral weapons
  21 starspawn tentacles
  9 toadstools (Lair:2)
142 creatures vanquished.

Grand Total: 3668 creatures vanquished

Notes
Turn   | Place    | Note
-------+----------+-------------------------------------------
     0 | D:1      | coldbreeze the Ogre Gladiator began the quest for the Orb.
     0 | D:1      | Reached XP level 1. HP: 22/22 MP: 1/1
    51 | D:1      | Reached skill level 3 in Fighting
   333 | D:1      | Reached XP level 2. HP: 32/32 MP: 2/2
   411 | D:1      | Reached skill level 4 in Fighting
   739 | D:1      | Reached XP level 3. HP: 38/40 MP: 3/3
   903 | D:2      | HP: 2/40 [adder (5)]
  1142 | D:2      | Reached skill level 5 in Fighting
  1297 | D:2      | Reached XP level 4. HP: 42/50 MP: 4/4
  1592 | D:2      | Reached skill level 6 in Fighting
  2694 | D:3      | Found a basalt altar of Yredelemnul.
  2703 | D:3      | Found a glowing golden altar of the Shining One.
  3036 | D:3      | Noticed an angel
  3058 | D:4      | Noticed a phantom
  3143 | D:4      | Killed a phantom
  3143 | D:4      | Reached XP level 5. HP: 28/59 MP: 5/5
  3303 | D:4      | Reached skill level 5 in Polearms
  3303 | D:4      | Reached XP level 6. HP: 66/67 MP: 6/6
  4071 | D:5      | Entered Level 5 of the Dungeon
  4289 | D:5      | Noticed a phantom
  4322 | D:5      | Killed a phantom
  4322 | D:5      | Reached XP level 7. HP: 34/76 MP: 3/7
  4545 | D:5      | Reached skill level 7 in Fighting
  4613 | D:5      | Found a deep blue altar of Sif Muna.
  4621 | D:5      | Found a blossoming altar of Fedhas.
  4625 | D:5      | Found a shadowy altar of Dithmenos.
  4779 | D:5      | Reached skill level 8 in Fighting
  4969 | D:5      | Noticed Grinder
  4991 | D:5      | Found Ruowit's General Store.
  5212 | D:6      | Reached skill level 9 in Fighting
  5451 | D:6      | Noticed Prince Ribbit
  5618 | D:6      | Reached XP level 8. HP: 76/92 MP: 5/8
  7176 | D:5      | Paralysed by Grinder for 2 turns
  7230 | D:5      | Killed Grinder
  7328 | D:6      | Reached XP level 9. HP: 98/98 MP: 9/9
  7770 | D:7      | Found a sand-covered staircase.
  7837 | Ossuary  | Entered an ossuary
  7869 | Ossuary  | Reached skill level 10 in Polearms
  8013 | Ossuary  | Reached skill level 10 in Fighting
  8319 | D:7      | Reached skill level 11 in Fighting
  8557 | D:7      | Found a staircase to the Ecumenical Temple.
  8582 | Temple   | Entered the Ecumenical Temple
  8700 | Temple   | Became a worshipper of Warmaster Okawaru
  9195 | D:8      | Reached skill level 12 in Fighting
  9195 | D:8      | Reached XP level 10. HP: 101/115 MP: 8/10
  9265 | D:8      | Reached skill level 1 in Evocations
  9394 | D:8      | Reached * piety under Okawaru
  9480 | D:8      | Noticed Gastronok
  9491 | D:8      | Killed Gastronok
  9491 | D:8      | Reached ** piety under Okawaru
  9491 | D:8      | Reached skill level 5 in Evocations
 10006 | D:9      | Found a staircase to the Orcish Mines.
 10048 | D:9      | Killed Prince Ribbit
 10059 | D:9      | Noticed a cyclops
 10076 | D:9      | Paralysed by a hornet for 1 turns
 10078 | D:9      | Reached skill level 5 in Dodging
 10241 | D:9      | Killed a cyclops
 10278 | D:9      | Paralysed by a hornet for 1 turns
 10281 | D:9      | Paralysed by a hornet for 2 turns
 10285 | D:9      | Reached *** piety under Okawaru
 10436 | D:9      | Reached XP level 11. HP: 105/123 MP: 15/15
 10734 | D:9      | Found an ancient bone altar of Kikubaaqudgha.
 10981 | D:10     | Entered Level 10 of the Dungeon
 11367 | D:10     | Noticed a manticore
 11715 | D:10     | Killed a manticore
 11715 | D:10     | Reached **** piety under Okawaru
 11715 | D:10     | Reached skill level 13 in Fighting
 12095 | D:10     | Noticed Nergalle
 12156 | Orc:1    | Entered Level 1 of the Orcish Mines
 12796 | Orc:2    | Entered Level 2 of the Orcish Mines
 12968 | Orc:2    | Noticed an orc sorcerer
 12982 | Orc:1    | Killed an orc sorcerer
 12982 | Orc:1    | Reached skill level 14 in Fighting
 13208 | D:10     | Noticed a purple ugly thing
 13219 | D:10     | Killed a purple ugly thing
 13219 | D:10     | Reached skill level 1 in Armour
 13385 | D:11     | Reached ***** piety under Okawaru
 13795 | D:11     | Found a staircase to the Lair.
 13860 | D:11     | Noticed a seven-headed hydra
 13888 | D:11     | Killed a seven-headed hydra
 13888 | D:11     | Reached skill level 5 in Armour
 13935 | D:11     | Reached XP level 12. HP: 125/139 MP: 13/16
 13982 | D:11     | Noticed Fannar
 14032 | D:11     | Killed Fannar
 14032 | D:11     | Received a gift from Okawaru
 14521 | D:11     | Got a jewelled great mace
 14522 | D:11     | Identified the +6 great mace of Kindness {freeze, -Tele
                  | rPois MR+++ Dex+9} (You found it on level 11 of the
                  | Dungeon)
 14578 | D:10     | Reached skill level 1 in Invocations
 14846 | Lair:1   | Entered Level 1 of the Lair of Beasts
 15184 | Lair:1   | Reached skill level 5 in Invocations
 15448 | Lair:1   | Received a gift from Okawaru
 15787 | Lair:2   | Noticed a six-headed hydra
 15797 | Lair:2   | Killed a six-headed hydra
 15822 | Lair:2   | Noticed Erica
 15834 | Lair:2   | Killed Erica
 16309 | Lair:2   | Noticed a death yak
 16323 | Lair:2   | Killed a death yak
 16349 | Lair:2   | Found a runed door.
 16403 | Lair:2   | Noticed a four-headed hydra
 16420 | Lair:2   | Killed a four-headed hydra
 16420 | Lair:2   | Reached XP level 13. HP: 119/146 MP: 13/18
 17108 | Lair:2   | Reached skill level 5 in Throwing
 17304 | Lair:3   | Found a staircase to the Swamp.
 17400 | Lair:3   | Received a gift from Okawaru
 17403 | Lair:3   | Got a crude shield {god gift}
 17409 | Lair:3   | Identified the +5 shield of the Alphagorgon {*Drain +Blink
                  | rPois rCorr} (Okawaru gifted it to you on level 3 of the
                  | Lair of Beasts)
 18033 | Lair:3   | Found a hole to the Spider Nest.
 19200 | Lair:4   | Noticed Snorg
 19213 | Lair:4   | Killed Snorg
 20005 | Lair:4   | Received a gift from Okawaru
 20017 | Lair:4   | Reached XP level 14. HP: 119/156 MP: 14/19
 20169 | Lair:5   | Received a gift from Okawaru
 20170 | Lair:5   | Got a dull robe {god gift}
 20190 | Lair:5   | Identified the +4 robe of Okawaru {rF++ MR+ Regen+ Int-3}
                  | (Okawaru gifted it to you on level 5 of the Lair of Beasts)
 20349 | Lair:5   | Reached skill level 15 in Fighting
 21021 | Lair:6   | Entered Level 6 of the Lair of Beasts
 21035 | Lair:6   | Reached skill level 16 in Fighting
 21481 | Lair:6   | Found a staircase to the Slime Pits.
 21483 | Lair:6   | Found a viscous altar of Jiyva.
 21596 | Lair:6   | Paralysed by a hornet for 2 turns
 21600 | Lair:6   | Paralysed by a hornet for 1 turns
 21940 | Lair:5   | Reached ****** piety under Okawaru
 22260 | Lair:6   | Noticed a dire elephant
 22596 | Orc:2    | Found a runed gate.
 22600 | Orc:2    | Found an opulent altar of Gozag.
 23133 | Orc:2    | Found a runed gate.
 23133 | Orc:2    | Found a runed gate.
 23141 | Orc:2    | Noticed GeorgeFormbyGrill's ghost (journeyman GrBe)
 23142 | Orc:2    | Found a staircase to the Elven Halls.
 23697 | Orc:2    | Received a gift from Okawaru
 24121 | Orc:2    | Received a gift from Okawaru
 24548 | Orc:2    | Received a gift from Okawaru
 24642 | Orc:2    | Reached XP level 15. HP: 152/171 MP: 21/21
 24775 | Orc:2    | Found Xiuj's General Store.
 24776 | Orc:2    | Found Vimirea's Antique Armour Emporium.
 24776 | Orc:2    | Found Reonk's Armour Shoppe.
 24777 | Orc:2    | Found Zoco's Armour Emporium.
 24787 | Orc:2    | Bought 3 scrolls of blinking for 315 gold pieces
 24787 | Orc:2    | Bought a potion of heal wounds for 70 gold pieces
 24879 | Orc:2    | Received a gift from Okawaru
 24880 | Orc:2    | Got a shimmering hat {god gift}
 24891 | Orc:2    | Identified the +3 hat "Kuxeciucs" {rF+ Str+3 Int+2}
                  | (Okawaru gifted it to you on level 2 of the Orcish Mines)
 24974 | Orc:2    | Found Epsios's Assorted Antiques.
 25438 | Orc:1    | Found Weedgh's Distillery.
 25446 | Orc:1    | Bought a potion of curing for 48 gold pieces
 25722 | D:12     | Reached skill level 15 in Polearms
 26392 | D:12     | Found a portal to a secret trove of treasure.
 28209 | Lair:6   | Received a gift from Okawaru
 28343 | Lair:6   | Got a bloodstained robe {god gift}
 28354 | Lair:6   | Identified the +1 robe of the Curious Gods {Int+5} (Okawaru
                  | gifted it to you on level 6 of the Lair of Beasts)
 29143 | Orc:2    | Bought an uncursed ring of poison resistance for 280 gold
                  | pieces
 29379 | Swamp:1  | Entered Level 1 of the Swamp
 29675 | Swamp:1  | Noticed Kirke
 29680 | Swamp:1  | Reached XP level 16. HP: 173/180 MP: 20/22
 30472 | Swamp:2  | Received a gift from Okawaru
 30695 | Swamp:1  | Killed Kirke
 31374 | Swamp:3  | Noticed a thorn hunter
 31399 | Swamp:2  | Killed a thorn hunter
 33492 | Swamp:3  | Received a gift from Okawaru
 34897 | D:14     | You fall through a shaft!
 34897 | D:15     | Entered Level 15 of the Dungeon
 34992 | D:15     | Reached XP level 17. HP: 170/189 MP: 13/23
 35066 | D:15     | Received a gift from Okawaru
 35067 | D:15     | Got a faintly humming large shield {god gift}
 35068 | D:15     | Identified the +0 large shield of the Monk {rF+ rC+ rN+
                  | Slay+3} (Okawaru gifted it to you on level 15 of the
                  | Dungeon)
 35291 | D:14     | Reached skill level 17 in Fighting
 35319 | D:14     | Found a gate to the Vaults.
 35602 | D:5      | Bought a +0 shield for 63 gold pieces
 35813 | Spider:1 | Entered Level 1 of the Spider Nest
 35814 | Spider:1 | Noticed Roxanne
 35839 | Spider:1 | Reached skill level 1 in Shields
 37072 | Spider:2 | Reached skill level 5 in Shields
 37089 | Spider:2 | Found a frozen archway.
 37186 | IceCv    | Entered an ice cave
 37507 | IceCv    | Identified a scroll of acquirement
 38220 | IceCv    | Noticed an Ice Fiend
 38228 | IceCv    | Killed an Ice Fiend
 39049 | Spider:1 | Received a gift from Okawaru
 39709 | Swamp:4  | Entered Level 4 of the Swamp
 40806 | Swamp:3  | Reached XP level 18. HP: 130/201 MP: 16/24
 40814 | Swamp:3  | Paralysed by a hornet for 1 turns
 40819 | Swamp:3  | Reached skill level 10 in Shields
 41508 | Swamp:4  | Got a decaying rune of Zot
 41969 | Spider:1 | Killed Roxanne
 41969 | Spider:1 | Received a gift from Okawaru
 41975 | Spider:1 | Got a pitted trident {god gift}
 41976 | Spider:1 | Identified the +9 trident "Umuez" {pierce, Dex+2} (Okawaru
                  | gifted it to you on level 1 of the Spider Nest)
 42391 | Spider:3 | Noticed Louise
 42434 | Spider:2 | Killed Louise
 42728 | Spider:3 | Noticed Asterion
 42751 | Spider:3 | Killed Asterion
 43056 | Spider:3 | Received a gift from Okawaru
 44037 | D:15     | Received a gift from Okawaru
 44882 | D:15     | Found a staircase to the Depths.
 44907 | Depths:1 | Entered Level 1 of the Depths
 45007 | Vaults:1 | Entered Level 1 of the Vaults
 46070 | Spider:3 | Reached XP level 19. HP: 206/209 MP: 22/25
 46343 | Spider:4 | Entered Level 4 of the Spider Nest
 47208 | Spider:4 | Noticed Arachne
 47352 | Spider:4 | Killed Arachne
 47352 | Spider:4 | Received a gift from Okawaru
 47355 | Spider:4 | Identified the +3 cloak of the Yeti {+Fly rN+} (Okawaru
                  | gifted it to you on level 4 of the Spider Nest)
 47514 | Spider:4 | Reached skill level 15 in Shields
 47777 | Spider:4 | Reached skill level 18 in Fighting
 47800 | Spider:4 | Got a gossamer rune of Zot
 48150 | Orc:2    | Bought +0 fire dragon scales for 960 gold pieces
 48582 | Vaults:1 | Noticed an Ice Fiend
 49073 | Vaults:1 | Received a gift from Okawaru
 49106 | Vaults:1 | Got a translucent trident {god gift}
 49107 | Vaults:1 | Identified the +2 trident of Domination {pierce, rC+ Str+2
                  | Int+2} (Okawaru gifted it to you on level 1 of the Vaults)
 49329 | Vaults:1 | Learned a level 1 spell: Apportation
 50130 | Vaults:2 | Noticed Boris
 50318 | Vaults:2 | Reached XP level 20. HP: 218/221 MP: 26/26
 50709 | Vaults:2 | Received a gift from Okawaru
 50904 | Vaults:2 | Reached skill level 10 in Armour
 51769 | Vaults:3 | Received a gift from Okawaru
 51780 | Vaults:3 | Found a staircase to the Crypt.
 52520 | Vaults:3 | Received a gift from Okawaru
 52568 | Vaults:3 | Reached skill level 19 in Fighting
 53020 | Vaults:3 | Received a gift from Okawaru
 53479 | Vaults:4 | Received a gift from Okawaru
 53625 | Vaults:4 | Received a gift from Okawaru
 53632 | Vaults:4 | Reached skill level 20 in Fighting
 53635 | Vaults:4 | Identified the +11 gold dragon scales of a treasure trove
                  | {rPois rF+ rC+ rN+ Stlth+} (Okawaru gifted it to you on
                  | level 4 of the Vaults)
 53983 | Vaults:4 | Reached XP level 21. HP: 237/237 MP: 27/27
 54282 | Vaults:4 | Noticed Jory
 54289 | Vaults:4 | Noticed a juggernaut
 54289 | Vaults:4 | an acid blob changed into a juggernaut
 54290 | Vaults:4 | a juggernaut changed into a titan
 54293 | Vaults:4 | Noticed a juggernaut
 54293 | Vaults:4 | a titan changed into a juggernaut
 54419 | Vaults:4 | Killed Jory
 54941 | Vaults:4 | Reached skill level 10 in Dodging
 55491 | Depths:1 | Found a gateway to Hell.
 55700 | Depths:1 | Received a gift from Okawaru
 55758 | Depths:1 | Found a runed door.
 55987 | Depths:1 | Received a gift from Okawaru
 56111 | Depths:2 | Found Ustrez's Food Boutique.
 56516 | Depths:2 | Found Yllijide's General Store.
 56518 | Depths:2 | Found Qoyx's Food Emporium.
 56874 | Depths:2 | Found a gateway to a ziggurat.
 56880 | Depths:2 | Found Raggaibb's Island Escapes.
 57040 | Depths:2 | Found a one-way gate to the infinite horrors of the Abyss.
 57056 | Depths:2 | Noticed a golden dragon
 57077 | Depths:2 | Found Engaifad's Antique Armour Emporium.
 57128 | Depths:1 | Killed a golden dragon
 57505 | Depths:2 | Received a gift from Okawaru
 57665 | Depths:2 | Reached XP level 22. HP: 212/247 MP: 28/28
 57733 | Depths:2 | Received a gift from Okawaru
 58035 | Depths:2 | Noticed a caustic shrike
 58048 | Depths:2 | Killed a caustic shrike
 58681 | Depths:2 | Found Fylel's Magic Scroll Shoppe.
 58684 | Depths:2 | Bought a scroll of enchant armour for 127 gold pieces
 58685 | Depths:2 | Bought 2 scrolls of teleportation for 102 gold pieces
 58701 | Depths:2 | Noticed a juggernaut
 58713 | Depths:2 | Killed a juggernaut
 58797 | Depths:2 | Bought 2 potions of resistance for 380 gold pieces
 58842 | Depths:3 | Noticed Sojobo
 58854 | Depths:3 | Reached skill level 1 in Translocations
 58880 | Depths:3 | Killed Sojobo
 58888 | Depths:3 | Found Zuikogo's Magic Scroll Shop.
 58966 | Depths:3 | Found a flickering gateway to a bazaar.
 58988 | Depths:3 | Received a gift from Okawaru
 58996 | Bazaar   | Entered a bazaar
 59188 | Bazaar   | Found Pupaeteu's Antique Armour Emporium.
 59203 | Bazaar   | Found Noun's Distillery.
 59218 | Bazaar   | Found Pibruwi's General Store.
 59233 | Bazaar   | Found Jagro's Assorted Antiques.
 59237 | Bazaar   | Bought a potion of might for 124 gold pieces
 59292 | Bazaar   | Bought a potion of ambrosia for 96 gold pieces
 59292 | Bazaar   | Bought a potion of might for 48 gold pieces
 59292 | Bazaar   | Bought a potion of curing for 36 gold pieces
 59292 | Bazaar   | Bought 2 potions of curing for 72 gold pieces
 59372 | Depths:3 | Reached skill level 5 in Translocations
 59498 | Depths:3 | Found Myupt's Antique Weapon Shoppe.
 59515 | Depths:3 | Bought a scroll of enchant armour for 97 gold pieces
 59515 | Depths:3 | Bought a scroll of blinking for 97 gold pieces
 59515 | Depths:3 | Bought a scroll of blinking for 97 gold pieces
 59515 | Depths:3 | Bought a scroll of fog for 26 gold pieces
 59515 | Depths:3 | Bought a scroll of fog for 26 gold pieces
 59653 | Depths:3 | Found Baec's Assorted Antiques.
 59698 | Depths:3 | Received a gift from Okawaru
 60042 | Depths:3 | Noticed a caustic shrike
 60431 | Depths:3 | Killed a caustic shrike
 60510 | Depths:3 | Noticed a caustic shrike
 60517 | Depths:3 | Killed a caustic shrike
 60525 | Depths:3 | Identified the Incunabulum of Lucky Unholy Secrets
 60650 | Depths:3 | Found Adwogh's Pet Rocks.
 60674 | Depths:3 | Reached skill level 10 in Throwing
 60701 | Depths:3 | Found a one-way gate leading to the halls of Pandemonium.
 60919 | Depths:4 | Reached XP level 23. HP: 236/254 MP: 26/29
 61637 | Depths:4 | Received a gift from Okawaru
 61699 | Depths:4 | Learned a level 3 spell: Regeneration
 61703 | Depths:4 | Learned a level 3 spell: Spectral Weapon
 62435 | Orc:2    | Killed GeorgeFormbyGrill's ghost
 62566 | Elf:1    | Entered Level 1 of the Elven Halls
 62574 | Orc:2    | Received a gift from Okawaru
 63039 | Elf:1    | Received a gift from Okawaru
 63400 | Elf:2    | Found Keker's Food Shoppe.
 63527 | Elf:2    | Found Bisek's Assorted Antiques.
 63569 | Elf:2    | Bought a murky emerald potion for 34 gold pieces
 63632 | Elf:2    | Found the +10 large shield of Ignorance {rN+ Int-4}
 63644 | Elf:2    | Found a huge runed gate.
 63644 | Elf:2    | Found a huge runed gate.
 63644 | Elf:2    | Found a huge runed gate.
 63719 | Elf:2    | Found Togoext's Book Shop.
 63724 | Elf:2    | Found Pemeselo's Distillery.
 63815 | Elf:2    | Bought a potion of resistance for 100 gold pieces
 63815 | Elf:2    | Bought a potion of resistance for 100 gold pieces
 63815 | Elf:2    | Bought a potion of haste for 100 gold pieces
 63815 | Elf:2    | Bought a potion of heal wounds for 50 gold pieces
 63815 | Elf:2    | Bought a potion of curing for 30 gold pieces
 63815 | Elf:2    | Bought a potion of curing for 30 gold pieces
 63849 | Elf:2    | Found Yhu Lea's Book Shoppe.
 63869 | Elf:2    | Bought a book of Minor Magic for 340 gold pieces
 63872 | Elf:2    | Learned a level 2 spell: Blink
 64046 | Elf:2    | Reached skill level 15 in Throwing
 64204 | Elf:2    | Received a gift from Okawaru
 64296 | Elf:2    | Received a gift from Okawaru
 64403 | Elf:3    | Entered Level 3 of the Elven Halls
 64666 | Elf:3    | Found Vubeylob's Book Boutique.
 64674 | Elf:3    | Bought a book of Spatial Translocations for 1105 gold
                  | pieces
 64678 | Elf:3    | Learned a level 3 spell: Lesser Beckoning
 64683 | Elf:3    | Learned a level 4 spell: Passage of Golubria
 64689 | Elf:3    | Found Zayl's Weapon Emporium.
 64707 | Elf:3    | Found Miytec's Assorted Antiques.
 64759 | Elf:3    | Found Xogroax's Antique Armour Boutique.
 64820 | Elf:3    | Found Fuidima's Magic Scroll Emporium.
 64825 | Elf:3    | Bought a scroll of enchant weapon for 135 gold pieces
 64825 | Elf:3    | Bought a scroll of fear for 63 gold pieces
 64825 | Elf:3    | Bought a scroll of fog for 36 gold pieces
 64967 | Elf:3    | Reached XP level 24. HP: 231/265 MP: 26/29
 65020 | Elf:3    | Reached skill level 1 in Spellcasting
 65094 | Elf:3    | Reached skill level 5 in Spellcasting
 65581 | Elf:3    | Identified the Collected Works on Creation and
                  | Weightlessness
 65600 | Elf:3    | Identified the cursed +0 shadow dragon scales "Fuluaf"
                  | {rElec Int-5 Dex+3 Slay+5 Stlth++++} (You found it on level
                  | 3 of the Elven Halls)
 65742 | Elf:3    | Learned a level 3 spell: Portal Projectile
 66133 | Depths:5 | Entered Level 5 of the Depths
 66158 | Depths:5 | Reached skill level 1 in Summonings
 66242 | Depths:3 | Bought a scroll of enchant weapon for 97 gold pieces
 66353 | Depths:5 | Reached skill level 5 in Summonings
 66382 | Depths:5 | Received a gift from Okawaru
 67193 | Depths:4 | Received a gift from Okawaru
 67481 | Depths:5 | Reached skill level 10 in Summonings
 67618 | Depths:5 | Noticed a caustic shrike
 67632 | Depths:5 | Killed a caustic shrike
 67750 | Depths:5 | Noticed a caustic shrike
 67771 | Depths:5 | Killed a caustic shrike
 67819 | Depths:5 | Noticed a caustic shrike
 67828 | Depths:5 | Killed a caustic shrike
 68097 | Depths:5 | Found a gate to the Realm of Zot.
 68183 | Depths:5 | Reached XP level 25. HP: 273/273 MP: 36/36
 68266 | Depths:5 | Reached skill level 10 in Spellcasting
 68572 | Depths:5 | Received a gift from Okawaru
 68741 | Depths:5 | Learned a level 6 spell: Shadow Creatures
 68979 | Crypt:1  | Entered Level 1 of the Crypt
 69302 | Slime:1  | Entered Level 1 of the Pits of Slime
 69473 | Slime:1  | Gained mutation: You tend to lose your temper in combat. [a
                  | shining eye]
 70115 | Slime:4  | Noticed Dissolution
 70122 | Slime:4  | Killed Dissolution
 70129 | Slime:4  | Learned a level 5 spell: Summon Forest
 70354 | Slime:5  | Entered Level 5 of the Pits of Slime
 70371 | Slime:5  | Received a gift from Okawaru
 70544 | Slime:5  | Received a gift from Okawaru
 70904 | Slime:5  | Found a viscous altar of Jiyva.
 70933 | Slime:5  | Noticed the Royal Jelly
 71305 | Slime:5  | Gained mutation: You are occasionally teleported next to
                  | monsters. [a shining eye]
 71422 | Slime:5  | Received a gift from Okawaru
 71471 | Slime:4  | Reached skill level 1 in Hexes
 71649 | Slime:5  | Received a gift from Okawaru
 71976 | Slime:5  | Killed the Royal Jelly
 72809 | Slime:5  | Identified Feree's Grimoire of Shifting Fire
 72872 | Slime:5  | Got a warped jade ring
 72873 | Slime:5  | Identified the ring "Kouleaka" {rElec rF- MP+9 SInv} (You
                  | found it on level 5 of the Pits of Slime)
 72876 | Slime:5  | Got a slimy rune of Zot
 72878 | Slime:5  | Got a wavering turquoise ring
 72879 | Slime:5  | Identified the ring "Ezxuin" {rElec rF- rN+ Slay+5} (You
                  | found it on level 5 of the Pits of Slime)
 73089 | Lair:3   | Lost mutation: You tend to lose your temper in combat.
                  | [potion of mutation]
 73089 | Lair:3   | Lost mutation: You are occasionally teleported next to
                  | monsters. [potion of mutation]
 73089 | Lair:3   | Gained mutation: You have sharp toenails. [potion of
                  | mutation]
 73089 | Lair:3   | Gained mutation: You possess an exceptional clarity of
                  | mind. [potion of mutation]
 73423 | Vaults:4 | Learned a level 5 spell: Summon Mana Viper
 73429 | Vaults:4 | Learned a level 5 spell: Aura of Abjuration
 73431 | Vaults:5 | Entered Level 5 of the Vaults
 74218 | Vaults:5 | Reached skill level 21 in Fighting
 74227 | Vaults:5 | Reached XP level 26. HP: 159/288 MP: 13/39
 74289 | Vaults:5 | Reached skill level 22 in Fighting
 74308 | Vaults:5 | Received a gift from Okawaru
 74357 | Vaults:5 | Received a gift from Okawaru
 74359 | Vaults:5 | Noticed Frederick
 74452 | Vaults:5 | Reached skill level 1 in Charms
 74452 | Vaults:5 | Reached skill level 1 in Necromancy
 75019 | Vaults:5 | Received a gift from Okawaru
 75045 | Vaults:5 | Noticed an ancient lich
 75054 | Vaults:5 | Reached skill level 5 in Charms
 75054 | Vaults:5 | Reached skill level 5 in Necromancy
 75068 | Vaults:5 | Killed an ancient lich
 75068 | Vaults:5 | Received a gift from Okawaru
 75137 | Vaults:5 | Got a silver rune of Zot
 75208 | Vaults:5 | Found Rodghop's Magic Scroll Shop.
 75213 | Vaults:5 | Bought a scroll of fear for 59 gold pieces
 75213 | Vaults:5 | Bought a scroll of blinking for 127 gold pieces
 75213 | Vaults:5 | Bought a scroll of magic mapping for 59 gold pieces
 75213 | Vaults:5 | Bought a scroll of fear for 59 gold pieces
 75267 | Vaults:5 | Received a gift from Okawaru
 75593 | Vaults:5 | Found Qopyll's Distillery.
 75597 | Vaults:5 | Bought a potion of curing for 63 gold pieces
 75597 | Vaults:5 | Bought 2 potions of curing for 126 gold pieces
 75597 | Vaults:5 | Bought a potion of resistance for 210 gold pieces
 75597 | Vaults:5 | Bought a potion of haste for 210 gold pieces
 75597 | Vaults:5 | Bought a potion of heal wounds for 105 gold pieces
 75597 | Vaults:5 | Bought a potion of cancellation for 168 gold pieces
 75664 | Vaults:5 | Found Plog's Food Emporium.
 77053 | Elf:3    | Identified the +9 demon trident "Bimiel" {vamp, Fragile
                  | +Rage rF+} (You found it on level 3 of the Elven Halls)
 77530 | Zot:1    | Entered Level 1 of the Realm of Zot
 77557 | Zot:1    | Reached skill level 10 in Invocations
 77790 | Zot:1    | Received a gift from Okawaru
 77790 | Zot:1    | Reached XP level 27. HP: 164/300 MP: 23/39
 77978 | Zot:1    | Received a gift from Okawaru
 78619 | Zot:1    | Received a gift from Okawaru
 78754 | Zot:1    | Received a gift from Okawaru
 79578 | Zot:1    | Received a gift from Okawaru
 79583 | Zot:1    | Identified the +1 acid dragon scales of Liberalism {rF-
                  | rC+++ rN+++ rCorr Stlth-} (Okawaru gifted it to you on
                  | level 1 of the Realm of Zot)
 79786 | Zot:2    | Got a brightly glowing silver amulet
 79787 | Zot:2    | Identified the amulet "Lisaq" {Gourm rF- Dex+5} (You found
                  | it on level 2 of the Realm of Zot)
 80902 | Zot:3    | Noticed an orb of fire
 80908 | Zot:3    | Gained mutation: You are weak. (Str -2) [an orb of fire]
 80911 | Zot:3    | Gained mutation: You expend magic power (3 MP) to
                  | strengthen your wands. [an orb of fire]
 80916 | Zot:3    | Gained mutation: You have a pair of small antennae on your
                  | head. [an orb of fire]
 81137 | Hell     | Entered the Vestibule of Hell
 81148 | Hell     | Noticed Geryon
 83502 | Vaults:2 | Killed Boris
 83602 | Vaults:5 | Bought a potion of brilliance for 84 gold pieces
 83639 | Vaults:5 | Bought a scroll of brand weapon for 340 gold pieces
 83732 | Vaults:5 | Killed Frederick
 85077 | Crypt:1  | Received a gift from Okawaru
 85115 | Crypt:1  | Noticed Saint Roka
 85124 | Crypt:1  | Killed Saint Roka
 85342 | Crypt:1  | Received a gift from Okawaru
 86267 | Crypt:2  | Received a gift from Okawaru
 86812 | Crypt:3  | Entered Level 3 of the Crypt
 86872 | Crypt:3  | Identified the Papyrus of Dark Secrets
 87541 | Crypt:3  | Found an ancient bone altar of Kikubaaqudgha.
 87706 | Crypt:3  | Noticed an ancient lich
 87724 | Crypt:3  | Killed an ancient lich
 87756 | Crypt:3  | Got a pitted ivory amulet
 87757 | Crypt:3  | Identified the amulet "Vaixt" {RegenMP rC++} (You found it
                  | on level 3 of the Crypt)
 88013 | Crypt:3  | Found a staircase to the Tomb.
 88599 | Crypt:3  | Got a glittering lapis lazuli ring
 88600 | Crypt:3  | Identified the ring "Notut" {*Contam rN+ Int+5 Dex+5} (You
                  | found it on level 3 of the Crypt)
 88603 | Crypt:3  | Identified the ring of the Present {+Blink rN+ Str+3 Int+3
                  | Slay+3} (You found it on level 3 of the Crypt)
 88604 | Crypt:3  | Identified the ring of Demaw {*Drain rN+ Str+3 Int+6} (You
                  | found it on level 3 of the Crypt)
 88639 | Crypt:3  | Received a gift from Okawaru
 89217 | Zot:3    | Reached skill level 15 in Dodging
 89421 | Zot:3    | Lost mutation: You possess an exceptional clarity of mind.
                  | [an orb of fire]
 89431 | Zot:3    | Gained mutation: You are very weak. (Str -4) [an orb of
                  | fire]
 89584 | Zot:3    | Killed an orb of fire
 90542 | Zot:4    | Received a gift from Okawaru
 90633 | Zot:4    | Learned a level 1 spell: Summon Butterflies
 90635 | Zot:4    | Found a transporter.
 90806 | Zot:4    | Got a scintillating steel ring
 90807 | Zot:4    | Identified the ring of Ycoab {Ice Dex+4} (You found it on
                  | level 4 of the Realm of Zot)
 90830 | Zot:4    | Found a transporter.
 90918 | Zot:5    | Entered Level 5 of the Realm of Zot
 91553 | Zot:5    | Received a gift from Okawaru
 91575 | Zot:5    | Noticed an ancient lich
 91585 | Zot:5    | Killed an ancient lich
 91611 | Zot:5    | Noticed an ancient lich
 91650 | Zot:5    | Killed an ancient lich
 91663 | Zot:5    | Noticed an ancient lich
 91667 | Zot:5    | Killed an ancient lich
 91677 | Zot:5    | Noticed an ancient lich
 91697 | Zot:5    | Killed an ancient lich
 91697 | Zot:5    | Received a gift from Okawaru
 91779 | Zot:5    | Noticed an orb of fire
 91786 | Zot:5    | Noticed an orb of fire
 91796 | Zot:5    | Killed an orb of fire
 91804 | Zot:5    | Gained mutation: Scrolls take you a little longer to read.
                  | [an orb of fire]
 91807 | Zot:5    | Killed an orb of fire
 91810 | Zot:5    | Noticed an orb of fire
 91812 | Zot:5    | Noticed an orb of fire
 91816 | Zot:5    | Lost mutation: You are very weak. (Str -4) [an orb of fire]
 91822 | Zot:5    | Gained mutation: You are clumsy. (Dex -2) [an orb of fire]
 91831 | Zot:5    | Noticed an orb of fire
 91837 | Zot:5    | Noticed an ancient lich
 91853 | Zot:5    | Killed an orb of fire
 91863 | Zot:5    | Killed an ancient lich
 91873 | Zot:5    | Noticed an orb of fire
 91885 | Zot:5    | Killed an orb of fire
 92196 | Zot:5    | Gained mutation: Potions are less effective at restoring
                  | your health. [an orb of fire]
 92199 | Zot:5    | Gained mutation: Scrolls take you longer to read. [an orb
                  | of fire]
 92208 | Zot:5    | Gained mutation: You are very weak. (Str -4) [an orb of
                  | fire]
 92218 | Zot:5    | Gained mutation: You are dopey. (Int -2) [an orb of fire]
 92223 | Zot:5    | Killed an orb of fire
 92223 | Zot:5    | Received a gift from Okawaru
 92314 | Zot:5    | Killed an orb of fire
 92753 | Zot:5    | Lost mutation: You have sharp toenails. [potion of
                  | mutation]
 92753 | Zot:5    | Lost mutation: Scrolls take you longer to read. [potion of
                  | mutation]
 92753 | Zot:5    | Lost mutation: You have a pair of small antennae on your
                  | head. [potion of mutation]
 92753 | Zot:5    | Lost mutation: You expend magic power (3 MP) to strengthen
                  | your wands. [potion of mutation]
 92753 | Zot:5    | Gained mutation: You are robust. (+10% HP) [potion of
                  | mutation]
 92754 | Zot:5    | Lost mutation: You are clumsy. (Dex -2) [potion of
                  | mutation]
 92754 | Zot:5    | Lost mutation: Potions are less effective at restoring your
                  | health. [potion of mutation]
 92754 | Zot:5    | Lost mutation: Scrolls take you a little longer to read.
                  | [potion of mutation]
 92754 | Zot:5    | Lost mutation: You are very weak. (Str -4) [potion of
                  | mutation]
 92754 | Zot:5    | Gained mutation: You passively map a small area around you.
                  | [potion of mutation]
 92754 | Zot:5    | Gained mutation: You can translocate small distances at
                  | will. [potion of mutation]
 92986 | Pan      | Entered the realm of Mnoleg.
 92986 | Pan      | Entered Pandemonium
 93111 | Pan      | Received a gift from Okawaru
 93276 | Pan      | Gained mutation: Your magical capacity is low. (-10% MP) [a
                  | neqoxec]
 93404 | Pan      | Gained mutation: Your magical capacity is very low. (-20%
                  | MP) [a neqoxec]
 93441 | Pan      | Gained mutation: Potions are less effective at restoring
                  | your health. [a neqoxec]
 93606 | Pan      | Received a gift from Okawaru
 93650 | Pan      | Gained mutation: You are clumsy. (Dex -2) [a cacodemon]
 93656 | Pan      | Noticed Mnoleg
 93676 | Pan      | Killed Mnoleg
 93848 | Pan      | Got a glowing rune of Zot
 94071 | Pan      | Noticed Hurch the pandemonium lord
 94086 | Pan      | Killed Hurch the pandemonium lord
 94251 | Pan      | Found an exit through the horrors of the Abyss.
 94312 | Pan      | Got a demonic rune of Zot
 94315 | Pan      | Entered the realm of Lom Lobon.
 94471 | Pan      | Received a gift from Okawaru
 94879 | Pan      | Received a gift from Okawaru
 95339 | Pan      | Received a gift from Okawaru
 95482 | Pan      | Noticed Lom Lobon
 95504 | Pan      | Killed Lom Lobon
 95548 | Pan      | Got a magical rune of Zot
 96026 | Pan      | Reached skill level 23 in Fighting
 96029 | Pan      | Noticed Foski the pandemonium lord
 96396 | Pan      | Reached skill level 15 in Spellcasting
 96650 | Pan      | Found an exit through the horrors of the Abyss.
 96686 | Pan      | Entered the realm of Cerebov.
 97052 | Pan      | Got a bound pewter ring
 97320 | Pan      | Noticed Cerebov
 97374 | Pan      | Killed Cerebov
 97374 | Pan      | Received a gift from Okawaru
 97607 | Pan      | Got a faintly glowing steel ring
 97624 | Pan      | Received a gift from Okawaru
 97668 | Pan      | Received a gift from Okawaru
 97896 | Pan      | Got a fiery rune of Zot
 98013 | Pan      | Received a gift from Okawaru
 98125 | Pan      | Reached skill level 24 in Fighting
 98210 | Pan      | Lost mutation: You are robust. (+10% HP) [a cacodemon]
 98293 | Pan      | Noticed Ripsyxe Cagu the pandemonium lord
 98306 | Pan      | Killed Ripsyxe Cagu the pandemonium lord
 98333 | Pan      | Found an exit through the horrors of the Abyss.
 98591 | Pan      | Entered the realm of Gloorx Vloq.
 98736 | Pan      | Reached skill level 25 in Fighting
 98831 | Pan      | Received a gift from Okawaru
 99218 | Pan      | Got a warped jade amulet
 99219 | Pan      | Identified the ring of Resumed Hostilities {+Fly Int+2
                  | Slay+2} (You took it off a balrug in Pandemonium)
 99220 | Pan      | Identified the ring "Siho" {rElec rC+ MP+9 Dex+2} (You took
                  | it off a red devil in Pandemonium)
 99223 | Pan      | Identified the amulet of the Messenger {Harm *Corrode
                  | *Drain Str+2 Int+4 SInv} (You found it in Pandemonium)
 99647 | Pan      | Reached skill level 26 in Fighting
100123 | Pan      | Noticed Gloorx Vloq
100141 | Pan      | Killed Gloorx Vloq
100141 | Pan      | Received a gift from Okawaru
100141 | Pan      | Received a gift from Okawaru
100185 | Pan      | Got a dark rune of Zot
100270 | Depths:5 | Escaped Pandemonium
100314 | Depths:4 | Voluntarily entered the Abyss.
100545 | Abyss:1  | Received a gift from Okawaru
100646 | Abyss:1  | Reached skill level 27 in Fighting
100985 | Abyss:1  | Reached skill level 10 in Translocations
101672 | Abyss:3  | Received a gift from Okawaru
102159 | Abyss:3  | Paralysed by a floating eye for 4 turns
102263 | Abyss:3  | Got an abyssal rune of Zot
102731 | Depths:4 | Escaped the Abyss
102739 | Depths:4 | Learned a level 6 spell: Dispersal
102755 | Depths:4 | Lost mutation: Your magical capacity is very low. (-20% MP)
                  | [potion of mutation]
102755 | Depths:4 | Lost mutation: You are weak. (Str -2) [potion of mutation]
102755 | Depths:4 | Lost mutation: You are clumsy. (Dex -2) [potion of
                  | mutation]
102755 | Depths:4 | Gained mutation: You have sharp toenails. [potion of
                  | mutation]
102755 | Depths:4 | Gained mutation: Potions are poor at restoring your health.
                  | [potion of mutation]
102755 | Depths:4 | Lost mutation: You are dopey. (Int -2) [potion of mutation]
103143 | Tomb:1   | Entered Level 1 of the Tomb of the Ancients
103573 | Elf:2    | Bought a book of Enchantments for 700 gold pieces
103579 | Elf:2    | Learned a level 5 spell: Silence
103957 | Depths:2 | Reached skill level 1 in Air Magic
104405 | Hell     | Killed Geryon
104405 | Hell     | Reached skill level 5 in Hexes
104586 | Hell     | Found a gateway to the freezing wastes of Cocytus.
104687 | Hell     | Found a gateway to the decaying netherworld of Tartarus.
104753 | Hell     | Found a gateway to the ashen valley of Gehenna.
104802 | Hell     | Found a gateway to the Iron City of Dis.
104834 | Geh:1    | Entered Level 1 of Gehenna
104971 | Geh:3    | Received a gift from Okawaru
104995 | Geh:3    | Received a gift from Okawaru
105325 | Zot:5    | Got the Orb of Zot
105384 | Zot:5    | Noticed Dadaylam the pandemonium lord
105476 | Zot:1    | Noticed Oroqoe the pandemonium lord
105483 | Zot:1    | Received a gift from Okawaru
105818 | D:5      | Noticed Rohoime the pandemonium lord
105943 | D:$      | Escaped with the Orb!

Skill      XL: |  1  2  3  4  5  6  7  8  9 10 11 12 13 14 15 16 17 18 19 20 21 22 23 24 25 26 27 |
---------------+----------------------------------------------------------------------------------+-----
Fighting       | 3 4 5 6 9 12 14 16 17 18 20 21 22 27 | 27.0
Polearms       | 4 5 6 9 10 11 14 17 19 20 | 20.0
Dodging        | 3 4 6 7 9 12 14 18 | 18.1
Evocations     | 5 6 |  6.1
Armour         | 5 9 11 12 14 | 14.7
Invocations    | 7 9 11 12 | 12.0
Throwing       | 3 7 10 15 16 26 | 26.1
Shields        | 9 14 15 | 15.0
Translocations | 5 8 9 14 | 14.5
Spellcasting   | 9 12 18 | 18.0
Summonings     | 11 12 14 | 14.0
Hexes          | 4 8 |  8.0
Charms         | 6 |  6.0
Necromancy     | 6 |  6.0
Air Magic      | 3 |  3.8

Action                   |  1- 3 |  4- 6 |  7- 9 | 10-12 | 13-15 | 16-18 | 19-21 | 22-24 | 25-27 || total
-------------------------+-------+-------+-------+-------+-------+-------+-------+-------+-------++-------
Melee: Trident           |   102 |   185 |   447 |   747 |   325 |   257 |       |       |       ||  2063
       Halberd           |       |       |    17 |    10 |  1342 |       |       |       |       ||  1369
       Punch             |       |       |       |     1 |       |       |       |       |       ||     1
       Glaive            |       |       |       |       |   128 |   720 |       |       |       ||   848
       War axe           |       |       |       |       |       |  1127 |    22 |       |       ||  1149
       Demon trident     |       |       |       |       |       |    34 |  1951 |  1976 |  5383 ||  9344
       Kick              |       |       |       |       |       |       |       |       |  1226 ||  1226
Throw: Stone             |    39 |    81 |    24 |       |       |       |       |       |       ||   144
       Throwing net      |       |       |     5 |     2 |       |       |       |       |       ||     7
       Tomahawk          |       |       |       |     5 |    20 |     5 |       |       |       ||    30
       Large rock        |       |       |       |       |       |     1 |       |       |   230 ||   231
 Cast: Blink             |       |       |       |       |       |       |       |       |    43 ||    43
       Summon Forest     |       |       |       |       |       |       |       |       |     4 ||     4
       Portal Projectile |       |       |       |       |       |       |       |       |    35 ||    35
       Aura of Abjuratio |       |       |       |       |       |       |       |       |     6 ||     6
       Regeneration      |       |       |       |       |       |       |       |       |   160 ||   160
       Shadow Creatures  |       |       |       |       |       |       |       |       |    10 ||    10
       Spectral Weapon   |       |       |       |       |       |       |       |       |   146 ||   146
       Passage of Golubr |       |       |       |       |       |       |       |       |    12 ||    12
       Summon Butterflie |       |       |       |       |       |       |       |       |     6 ||     6
       Lesser Beckoning  |       |       |       |       |       |       |       |       |     6 ||     6
       Apportation       |       |       |       |       |       |       |       |       |     5 ||     5
       Summon Mana Viper |       |       |       |       |       |       |       |       |     3 ||     3
Invok: Heroism           |       |       |       |     4 |     5 |    13 |     1 |     5 |    11 ||    39
       Finesse           |       |       |       |     2 |     4 |    13 |     1 |     2 |    13 ||    35
Evoke: Wand              |       |       |       |    13 |     7 |    16 |     1 |       |     9 ||    46
       Lamp of fire      |       |       |       |       |       |     5 |       |       |     1 ||     6
       Sack of spiders   |       |       |       |       |       |     2 |       |       |       ||     2
       Phial of floods   |       |       |       |       |       |     1 |       |       |       ||     1
  Use: Potion            |     1 |       |     1 |     5 |     5 |     6 |     3 |     4 |    41 ||    66
       Scroll            |       |     7 |    11 |     5 |     7 |    20 |    20 |    12 |    57 ||   139
 Stab: Sleeping          |       |     3 |     5 |     2 |     4 |     4 |       |       |       ||    18
       Distracted        |       |       |       |     1 |     1 |     1 |     1 |       |    33 ||    37
       Held in net/web   |       |       |       |     1 |       |       |     1 |       |       ||     2
       Petrified         |       |       |       |       |     4 |       |       |       |       ||     4
       Invisible         |       |       |       |       |       |       |       |       |    11 ||    11
  Eat: Chunk             |     1 |     8 |    16 |    26 |    42 |    27 |    27 |    23 |     9 ||   179
       Ration            |       |     1 |       |       |     1 |     8 |     4 |     3 |    40 ||    57
Armor: Robe              |    20 |    33 |    73 |    22 |   194 |   433 |    57 |       |       ||   832
       Troll leather arm |       |       |       |    74 |    70 |       |       |       |       ||   144
       Fire dragon scale |       |       |       |       |       |       |   208 |   338 |  1645 ||  2191
Dodge: Dodged            |    55 |    63 |   160 |   391 |  1039 |  1223 |   376 |   384 |  1996 ||  5687
Block: Large shield      |       |       |       |       |       |   731 |  1045 |  1016 |  3494 ||  6286
       Shield            |       |       |       |       |       |   175 |       |       |       ||   175
